 Dungeon Crawl Stone Soup version 0.29.1-2-gbd0b4ee654 (webtiles) character file.

Game seed: 9639447928273845809

15057 PhantomBowie the Cleaver (level 12, -2/108 HPs)
             Began as a Hill Orc Berserker on Nov 21, 2022.
             Was a High Priest of Trog.
             Slain by a steelbarb worm (11 damage)
             ... on level 9 of the Dungeon on Nov 23, 2022.
             The game lasted 00:42:19 (12827 turns).

PhantomBowie the Cleaver (Hill Orc Berserker)      Turns: 12827, Time: 00:42:19

Health: -2/108     AC: 20    Str: 29    XL:     12   Next: 23%
Magic:  0/12       EV:  9    Int:  7    God:    Trog [*****.]
Gold:   681        SH:  9    Dex: 14    Spells: 11/11 levels left

rFire   . . .      SeeInvis .   K - +4 broad axe (flame)
rCold   + . .      Faith    .   x - +0 kite shield
rNeg    . . .      Spirit   +   h - +2 plate armour {rC+}
rPois   .          Reflect  .   (no helmet)
rElec   .          Harm     .   m - +0 cloak
rCorr   .          Rampage  .   (no gloves)
Will    .....                   l - +1 pair of boots
Stlth   ..........              n - amulet of guardian spirit
HPRegen 0.28/turn               A - +6 ring of dexterity
MPRegen 0.13/turn               D - +6 ring of strength

@: no status effects
A: clumsy 1, weak 1
a: Renounce Religion, Berserk, Trog's Hand, Brothers in Arms


You were on level 9 of the Dungeon.
You worshipped Trog.
Trog was extremely pleased with you.
You visited 2 branches of the dungeon, and saw 10 of its levels.
You also visited: Bailey.

You collected 681 gold pieces.

Inventory:

Hand Weapons
 I - a +3 arbalest
 K - a +4 broad axe of flaming (weapon)
Missiles
 H - a throwing net (quivered)
Armour
 h - a +2 plate armour of cold resistance (worn)
 l - a +1 pair of boots (worn)
 m - a +0 cloak (worn)
 x - a +0 kite shield (worn)
Jewellery
 g - a ring of see invisible
 n - an amulet of guardian spirit (around neck)
 o - a ring of willpower
 y - a ring of protection from fire
 A - a +6 ring of dexterity (left hand)
 D - a +6 ring of strength (right hand)
Wands
 f - a wand of charming (20)
 v - a wand of polymorph (2)
Scrolls
 j - 4 scrolls of magic mapping
 p - a scroll of blinking {unknown}
 q - a scroll of silence {unknown}
 t - 2 scrolls of vulnerability
 u - 3 scrolls of enchant armour
 w - a scroll of teleportation {unknown}
 B - 2 scrolls of enchant weapon
 C - a scroll of butterflies {unknown}
 E - a scroll of summoning {unknown}
 F - 3 scrolls of fear
Potions
 a - a potion of mutation {unknown}
 b - a potion of resistance {unknown}
 c - 4 potions of heal wounds
 d - 2 potions of cancellation {unknown}
 e - a potion of magic {unknown}
 i - 9 potions of curing
 k - 4 potions of might
 r - a potion of attraction {unknown}
 s - 4 potions of lignification
 z - a potion of brilliance {unknown}
 G - 3 potions of ambrosia {unknown}
 J - a potion of degeneration {unknown}


   Skills:
 + Level 10.8 Fighting
 + Level 11.7 Axes
 - Level 6.6 Ranged Weapons
 + Level 9.6 Armour
 + Level 7.3 Dodging
 + Level 3.5 Shields
 - Level 7.2 Evocations


You had 11 spell levels left.
You didn't know any spells.
Your spell library was empty.

Dungeon Overview and Level Annotations

Branches:
Dungeon (9/15)             Temple (1/1) D:5          Bailey (visited)
   Lair: D:8-11         Orc: D:9-12

Altars:
Ashenzari
Cheibriados
Dithmenos
Elyvilon
Fedhas
Gozag
Hepliaklqana
Kikubaaqudgha
Makhleb
Nemelex Xobeh
Okawaru
Qazlal
Ru
Sif Muna
Trog
Uskayaw
Vehumet
Wu Jian
Xom
Yredelemnul
Zin
The Shining One

Shops:
D:3 *   D:6 *   D:7 (


Innate Abilities, Weirdness & Mutations

You are clumsy. (Dex -2)
You are weak. (Str -2)


Message History

* * * LOW HITPOINT WARNING * * *
You hit the boulder beetle. You burn the boulder beetle.
The boulder beetle is severely wounded.
The boulder beetle barely misses you.
You hit the boulder beetle. You burn the boulder beetle.
The boulder beetle is almost dead.
The boulder beetle leaps!
The boulder beetle curls into a ball and begins rolling!
Things that are here:
a +0 spear; a +0 robe The boulder beetle hits you!!
* * * LOW HITPOINT WARNING * * *
The boulder beetle stops rolling and uncurls.
You hit the boulder beetle but do no damage.
The boulder beetle is severely wounded.
The boulder beetle bites you but does no damage.
You hit the boulder beetle but do no damage.
The boulder beetle is severely wounded.
The boulder beetle leaps!
You feel better.
Items here: )))) [[.
You recover from your berserk rage.
The boulder beetle bites you.
* * * LOW HITPOINT WARNING * * *
You slash the boulder beetle! You burn the boulder beetle.
The boulder beetle is almost dead.
You block the boulder beetle's attack.
The boulder beetle bites you but does no damage.
You hit the boulder beetle but do no damage.
The boulder beetle is almost dead.
The boulder beetle leaps!
Aiming: Polymorph
Press: ? - help, Shift-Dir - straight line, f - boulder beetle
Aim: a boulder beetle (almost dead, will become a steelbarb worm, a swamp worm, or a jorogumo, chance to affect: 49%)
The boulder beetle evaporates and reforms as a steelbarb worm!
Cleave: K) +4 broad axe (flame)
Press: ? - help, Dir - move target, f - you, p - steelbarb worm
Okay, then.
The steelbarb worm hits you!
You die...

.......###..##......# ###.......
......##.##..##.....# #.........
##...##..^##........# #........
##..##.._..##..#....# #.......
#..##.......##......## ##......
#.##.^...^...##......#### ##.....
#.#.^.#####^..#.....#...####.....
..##.'#.#.#'.##..w.#.............
...###..#..###..@.#..............
.......###.......#...............
..####.........)#)..........#....
..# #...#)....#.............#...
..######......#).............##..
.............##..............###.
..###.......##.....#########'# ##
..# ####...#####...#


.yo .## #....## ##### ..g.. You could see a steelbarb worm.

Vanquished Creatures
  An ogre mage (D:9)
  A two-headed ogre (D:9)
  A centaur warrior (D:9)
  Pikel (D:5)
  2 orc knights
  A shining eye (shapeshifter) (D:8)
  An ugly thing (D:9)
  Maurice (D:8)
  Maggie (D:6)
  A hornet (D:8)
  A slime creature (D:9)
  2 wyverns
  3 wraiths
  6 yaks (D:9)
  2 steam dragons
  A water moccasin (D:7)
  Duvessa (D:6)
  2 sky beasts
  9 orc warriors
  2 black bears
  5 ogres
  3 centaurs
  4 kobold brigands
  2 phantoms
  4 bullfrogs
  A gnoll sergeant (D:9)
  3 scorpions
  2 wights (D:9)
  Dowan (D:6)
  18 killer bees
  5 howler monkeys
  3 orc priests
  A gnoll bouda (D:7)
  4 hounds
  3 iguanas
  8 orc wizards
  6 adders
  12 gnolls
  A shadow imp (D:5)
  2 white imps
  An ufetubus (D:5)
  2 worms (D:4)
  3 dart slugs
  52 orcs
  16 ball pythons
  3 endoplasms
  6 giant cockroaches
  11 goblins
  7 hobgoblins
  4 jackals (D:3)
  3 quokkas
  6 bats
  5 frilled lizards
  20 kobolds
  5 rats
272 creatures vanquished.

Notes
Turn   | Place    | Note
-------+----------+-------------------------------------------
     0 | D:1      | PhantomBowie the Hill Orc Berserker began the quest for the
                  | Orb.
     0 | D:1      | Reached XP level 1. HP: 19/19 MP: 1/1
   550 | D:1      | Reached XP level 2. HP: 23/27 MP: 2/2
   864 | D:1      | Reached XP level 3. HP: 18/33 MP: 3/3
  1120 | D:1      | Reached ** piety under Trog
  1274 | D:1      | Found a faded altar of an unknown god.
  1791 | D:2      | Reached XP level 4. HP: 39/40 MP: 4/4
  2361 | D:2      | Reached skill level 5 in Axes
  2929 | D:3      | Found Fadumi's Assorted Antiques.
  3029 | D:3      | Reached XP level 5. HP: 46/47 MP: 5/5
  3814 | D:4      | Noticed an ogre
  3832 | D:4      | Killed an ogre
  3833 | D:4      | Reached skill level 5 in Fighting
  3833 | D:4      | Reached XP level 6. HP: 42/56 MP: 3/6
  3919 | D:4      | Reached *** piety under Trog
  4286 | D:4      | Reached skill level 6 in Axes
  4525 | D:4      | Reached XP level 7. HP: 45/61 MP: 4/7
  5748 | D:5      | Entered Level 5 of the Dungeon
  5797 | D:5      | Noticed Pikel
  5812 | D:5      | Killed Pikel
  5813 | D:5      | Reached skill level 7 in Axes
  5813 | D:5      | Reached skill level 5 in Armour
  5813 | D:5      | Reached XP level 8. HP: 57/71 MP: 6/8
  5937 | D:5      | Found a staircase to the Ecumenical Temple.
  5952 | Temple   | Entered the Ecumenical Temple
  6113 | D:5      | Found a snail-covered altar of Cheibriados.
  6595 | D:6      | Reached skill level 8 in Axes
  6769 | D:6      | Reached **** piety under Trog
  6778 | D:6      | Reached XP level 9. HP: 66/80 MP: 9/9
  6870 | D:6      | Found Plog's Gadget Gallery.
  6915 | D:6      | Noticed Maggie
  6933 | D:6      | Killed Maggie
  6934 | D:6      | Reached skill level 5 in Dodging
  7122 | D:6      | Noticed Duvessa
  7122 | D:6      | Noticed Dowan
  7133 | D:6      | Killed Duvessa
  7144 | D:6      | Killed Dowan
  7282 | D:6      | Reached skill level 9 in Axes
  7415 | D:7      | Found an iron altar of Okawaru.
  7433 | D:7      | Found a flagged portal.
  7488 | Bailey   | Entered a bailey
  8080 | Bailey   | Noticed an orc knight
  8091 | Bailey   | Killed an orc knight
  8092 | Bailey   | Reached skill level 10 in Axes
  8092 | Bailey   | Reached XP level 10. HP: 65/91 MP: 5/10
  8275 | Bailey   | Reached XP level 11. HP: 97/97 MP: 11/11
  8342 | D:7      | Found an ancient bone altar of Kikubaaqudgha.
  8343 | D:7      | Found a stormy altar of Qazlal.
  8360 | D:7      | Found a broken altar of Ashenzari.
  8361 | D:7      | Found a blossoming altar of Fedhas.
  8363 | D:7      | Found a shimmering blue altar of Sif Muna.
  8363 | D:7      | Found an opulent altar of Gozag.
  8364 | D:7      | Found a basalt altar of Yredelemnul.
  8368 | D:7      | Found a hide-covered altar of Uskayaw.
  8371 | D:7      | Found a radiant altar of Vehumet.
  8477 | D:7      | Found Inutecwi's Antique Weapon Shop.
  8515 | D:7      | Reached ***** piety under Trog
  8954 | D:7      | Found an ornate altar of the Wu Jian Council.
  9187 | D:8      | Paralysed by a hornet for 1 turns
  9809 | D:8      | Received a gift from Trog
  9846 | D:8      | Found a glowing silver altar of Zin.
  9912 | D:8      | Noticed Maurice
  9931 | D:8      | Killed Maurice
 10544 | D:9      | Noticed a brown ugly thing
 10988 | D:9      | Killed a brown ugly thing
 10989 | D:9      | Reached skill level 10 in Fighting
 11361 | D:9      | Reached skill level 11 in Axes
 11629 | D:9      | Noticed a two-headed ogre
 11634 | D:9      | Identified the +7 quarterstaff of Qile {chaos, rC+}
 11634 | D:9      | Noticed an orc knight
 11933 | D:9      | Reached skill level 1 in Shields
 12123 | D:9      | Killed an orc knight
 12274 | D:9      | Noticed a centaur warrior
 12281 | D:9      | Killed a centaur warrior
 12439 | D:9      | Noticed a cyclops
 12440 | D:9      | Noticed a two-headed ogre
 12482 | D:9      | Noticed a moth of wrath
 12482 | D:9      | a wind drake changed into a moth of wrath
 12571 | D:9      | a moth of wrath changed into a snapping turtle
 12609 | D:9      | Paralysed by a floating eye for 4 turns
 12620 | D:8      | Paralysed by a floating eye for 4 turns
 12622 | D:8      | Noticed a shining eye
 12622 | D:8      | a floating eye changed into a shining eye
 12624 | D:8      | Gained mutation: You are clumsy. (Dex -2) [a shining eye]
 12625 | D:8      | Gained mutation: You are weak. (Str -2) [a shining eye]
 12627 | D:8      | Killed a shining eye
 12628 | D:8      | Reached XP level 12. HP: 92/107 MP: 12/12
 12729 | D:9      | Found a sparkling altar of Nemelex Xobeh.
 12753 | D:9      | Noticed a two-headed ogre
 12765 | D:9      | Noticed an ogre mage
 12767 | D:9      | Identified the +8 short sword of Benevolence {pain, Contam
                  | *Rage Will+++}
 12771 | D:9      | Killed a two-headed ogre
 12797 | D:9      | Noticed a boulder beetle
 12803 | D:9      | Killed an ogre mage
 12817 | D:9      | HP: 4/108 [boulder beetle (19)]
 12825 | D:9      | a boulder beetle changed into a steelbarb worm
 12827 | D:9      | Slain by a steelbarb worm

Illustrated notes

Levels and vault maps discovered:
D:1:      dpeg_cavernosity, layout_basic,
          hellmonk_ecumenical_altar_heavens_door, grunt_decor_junction
D:2:      layout_basic, minmay_indecisive_spiral
D:3:      layout_rooms, serial_co_window_serial, co_window_corner_a,
          co_window_paths_b, co_window_corner_a, co_window_paths_a,
          co_window_paths_b, co_window_broadway_a, co_window_corner_b,
          co_window_cross_4, co_window_unsneaky_path_b, co_window_broadway_a,
          glass_columns_a, glass_columns_a, glass_columns_b, glass_columns_b,
          glass_columns_b, serial_shops, shop, minmay_fractal_squares_diagonal_5
D:4:      kb_forest_paths, layout_layer_cave, cheibrodos_sewer_entry_bend
D:5:      layout_cave_pools, nicolae_overflow_hidden_temple,
          minmay_temple_entry_drinking_statues, uniq_pikel
D:6:      layout_rooms, nicolae_shop_gadgets, uniq_maggie, uniq_duvessa
D:7:      layout_basic, nzn_wu_jian_council_hall, okawaru_metal_pillars_3,
          nicolae_overflow_hallway_of_the_gods, enter_bailey_5, serial_shops,
          nicolae_shop_waterfront
D:8:      layout_basic, mainiacjoe_overflow_alcove_1, minmay_circle_x,
          uniq_maurice
D:9:      layout_cave_pods, nemelex_spade_bored_becter, nicolae_rejected_hall
Temple:   hellmonk_temple_rainy

Skill      XL: |  1  2  3  4  5  6  7  8  9 10 11 12 |
---------------+-------------------------------------+-----
Fighting       | 4 5 6 7 9 10 | 10.8
Dodging        | 2 3 4 6 7 |  7.3
Armour         | 3 4 5 6 8 9 |  9.6
Axes           | 5 6 7 8 10 11 | 11.7
Ranged Weapons | 6 |  6.6
Evocations     | 7 |  7.2
Shields        | 2 3 |  3.5

Action                   |  1- 3 |  4- 6 |  7- 9 | 10-12 || total
-------------------------+-------+-------+-------+-------++-------
Melee: Hand axe          |   140 |   159 |       |       ||   299
       War axe           |       |    38 |   315 |    98 ||   451
       Punch             |       |       |     6 |       ||     6
       Unarmed           |       |       |     9 |       ||     9
       Broad axe         |       |       |       |   176 ||   176
 Fire: Arbalest          |       |       |       |    11 ||    11
Throw: Throwing net      |       |       |       |     2 ||     2
Invok: Berserk           |       |     1 |     2 |     3 ||     6
Evoke: Wand              |       |       |       |     1 ||     1
  Use: Scroll            |       |       |     7 |     4 ||    11
       Potion            |       |       |       |     3 ||     3
Armor: Animal skin       |     4 |       |       |       ||     4
       Ring mail         |    44 |    81 |     2 |       ||   127
       Chain mail        |       |       |    64 |       ||    64
       Plate armour      |       |       |    96 |   218 ||   314
       Skin              |       |       |     1 |       ||     1
Dodge: Dodged            |    78 |   108 |   184 |   200 ||   570
Block: Kite shield       |       |       |       |    49 ||    49
